 Dungeon Crawl Stone Soup version 0.31-a0-986-g5e6e4ef867 (webtiles) character file.

Game seed: 13097218035568010311

291 grandjackal the Trooper (level 6, -8/49 HPs)
             Began as a Demonspawn Gladiator on Nov 17, 2023.
             Mangled by an ogre
             ... wielding a +0 giant spiked club
              (20 damage)
             ... on level 5 of the Dungeon.
             The game lasted 00:04:09 (3756 turns).

grandjackal the Trooper (Demonspawn Gladiator)      Turns: 3756, Time: 00:04:11

Health: -8/49      AC:  3    Str: 16    XL:     6   Next: 10%
Magic:  6/6        EV: 12    Int:  9    God:
Gold:   161        SH:  0    Dex: 15    Spells: 5/5 levels left

rFire   . . .        v - +2 long sword (heavy)
rCold   + . .        (no shield)
rNeg    . . .        b - +0 leather armour
rPois   .            (helmet restricted)
rElec   .            (no cloak)
rCorr   .            (no gloves)
SInv    +            (no boots)
Will    .....        (no amulet)
Stlth   +            r - ring of protection from cold
HPRegen 0.28/turn    c - ring of see invisible
MPRegen 0.10/turn

%: no passive effects
@: lethally poisoned (-8 -> -22)
A: claws 1, hooves 1, horns 1, foul stench 1
a: no special abilities


You were on level 5 of the Dungeon.
You visited 1 branch of the dungeon, and saw 5 of its levels.

You collected 161 gold pieces.

Inventory:

Hand Weapons
 v - a +2 heavy long sword (weapon)
Missiles
 e - a javelin
Armour
 b - a +0 leather armour (worn)
Jewellery
 c - a ring of see invisible (right claw)
 r - a ring of protection from cold (left claw)
Scrolls
 f - a scroll of revelation {unknown}
 i - a scroll of identify {unknown}
 j - a scroll of blinking
 m - a scroll of fog {unknown}
 n - 2 scrolls of teleportation {unknown}
 q - a scroll of vulnerability {unknown}
 s - a scroll of immolation {unknown}
Potions
 g - a potion of degeneration {unknown}
 h - 2 potions of cancellation {unknown}
 k - a potion of brilliance {unknown}
 l - 2 potions of curing {unknown}
 o - a potion of might {unknown}
 p - a potion of heal wounds {unknown}
 t - 2 potions of ambrosia {unknown}
 u - a potion of mutation {unknown}


   Skills:
 + Level 4.5 Fighting
 - Level 2.8 Long Blades
 - Level 2.0 Throwing
 - Level 3.0 Dodging
 + Level 3.4 Unarmed Combat


You had 5 spell levels left.
You didn't know any spells.
Your spell library contained the following spells:

 Spells                   Type           Power      Damage    Failure   Level
 Animate Dead             Necr           0%         N/A       99%         4
 Borgnjor's Vile Clutch   Necr/Erth      0%         N/A       100%        5
 Summon Forest            Summ/Tloc      0%         N/A       100%        5
 Death Channel            Necr           0%         N/A       100%        6
 Eringya's Noxious Bog    Tmut/Pois      0%         4d6       100%        6
 Summon Hydra             Summ           0%         N/A       100%        7


Dungeon Overview and Level Annotations

Branches:
Dungeon (5/15)
 Temple: D:4-7

Altars:
Trog

Annotations:
D:3 3 runed translucent doors, Krazvalt's ghost, weakling SpBr
D:5 Eustachio


Innate Abilities, Weirdness & Mutations

You have sharp fingernails.
You have large cloven feet.
You have a pair of small horns on your head.
You may rarely emit foul miasma when damaged in melee.


Message History

The ufetubus barely misses you.
You slash the ufetubus!
You kill the ufetubus!
The iron imp grinds its teeth.
Found a scroll labelled RAGUNA HEUVI.
A scorpion comes into view.
An ogre comes into view. It is wielding a +0 giant spiked club.
The ogre shouts!
Throw: 2 throwing nets
Press: ? - help, Q - select action, (/) - cycle Shift-Dir - straight line, f - ogre
Aim: an ogre, wielding a +0 giant spiked club (74% to hit)
You throw a throwing net.
The throwing net closely misses the ogre.
Throw: throwing net
Press: ? - help, Q - select action, (/) - cycle Shift-Dir - straight line, f/p - ogre
Aim: an ogre, wielding a +0 giant spiked club (74% to hit)
You throw a throwing net. The throwing net hits the ogre.
The ogre is caught in the net!
The scorpion barely misses you.
The ogre struggles against the net.
The scorpion barely misses you.
You strike the helpless ogre from behind!
You slash the ogre! You kick the ogre.
The ogre is heavily wounded.
The ogre struggles against the net.
The scorpion stings you.
You are poisoned.
The scorpion poisons you!
The ogre struggles against the net.
The scorpion closely misses you.
You slash the ogre! You kick the ogre.
The ogre is almost dead.
You feel very sick. The scorpion stings you.
* * * LOW HITPOINT WARNING * * *
You are lethally poisoned!
The scorpion poisons you!
Eustachio casts a spell.
The ogre struggles against the net.
The net rips apart, and the ogre comes free!
The scorpion misses you.
The ogre hits you with a +0 giant spiked club!!
You die...

#.......#.#.##.##. ...
######..#.#.##.##. ....
.(####..#.#.##.##.
..).###.#.....#.#.##.##.
........#...#.#.#.##.##.
........###.#.#.#....##.
.............<#.#######.
.......O#######.#.......
.......@#.....#.#.######
.......os5###.#.#.###
..........@.5.......#
.........###..#.#.#.#
..............#...#.#
....########......#.#
...# ##s###)#o# ...
#.....#5# . #.#####o#


You could see Eustachio, an ogre, a scorpion, a crimson imp (summoned), an
ufetubus (summoned) and an orc.

Vanquished Creatures
  A phantom (D:4)
  Blork the orc (D:4)
  A sleepcap (D:5)
  2 adders
  2 ufetubi (D:5)
  A worm (D:3)
  A dart slug (D:2)
  An orc (D:5)
  8 ball pythons
  6 bats
  15 endoplasms
  4 giant cockroaches
  7 goblins
  7 hobgoblins
  4 jackals (D:1)
  4 kobolds
  5 quokkas
  2 frilled lizards
  6 rats
78 creatures vanquished.

Notes
Turn   | Place    | Note
-------+----------+-------------------------------------------
     0 | D:1      | grandjackal the Demonspawn Gladiator began the quest for
                  | the Orb.
     0 | D:1      | Reached XP level 1. HP: 16/16 MP: 1/1
   380 | D:1      | Discovered your monstrous ancestry.
   380 | D:1      | Gained mutation: You have sharp fingernails. [demonic
                  | ancestry]
   380 | D:1      | Reached XP level 2. HP: 13/22 MP: 2/2
   674 | D:1      | Gained mutation: You have a pair of small horns on your
                  | head. [demonic ancestry]
   674 | D:1      | Reached XP level 3. HP: 27/28 MP: 3/3
   708 | D:1      | Reached skill level 1 in Unarmed Combat
  1648 | D:2      | Reached skill level 3 in Fighting
  1943 | D:3      | Reached XP level 4. HP: 35/35 MP: 4/4
  1961 | D:3      | Found a faded altar of an unknown god.
  1995 | D:3      | Found a faded altar of an unknown god.
  1999 | D:3      | Found a bloodstained altar of Trog.
  2254 | D:3      | Found a runed translucent gate.
  2254 | D:3      | Found a runed translucent gate.
  2256 | D:3      | Found a runed translucent gate.
  2257 | D:3      | Noticed Krazvalt's ghost (weakling SpBr)
  2993 | D:4      | Noticed a phantom
  3004 | D:4      | Killed a phantom
  3005 | D:4      | Gained mutation: You have large cloven feet. [demonic
                  | ancestry]
  3005 | D:4      | Reached XP level 5. HP: 22/42 MP: 5/5
  3173 | D:4      | Noticed Blork the orc
  3182 | D:4      | HP: 1/42 [Blork the orc/+2 heavy long sword (13)]
  3186 | D:4      | Killed Blork the orc
  3187 | D:4      | Reached skill level 4 in Fighting
  3508 | D:5      | Entered Level 5 of the Dungeon
  3521 | D:5      | Gained mutation: You may rarely emit foul miasma when
                  | damaged in melee. [demonic ancestry]
  3521 | D:5      | Reached XP level 6. HP: 27/49 MP: 6/6
  3698 | D:5      | Noticed Eustachio
  3756 | D:5      | Mangled by an ogre

Illustrated notes

Levels and vault maps discovered:
D:1:      minmay_arrival_widening_spiral_narrow, layout_loops_ring,
          minmay_unequal
D:2:      layout_basic, basic_altar, minmay_between
D:3:      layout_loops_ring, nicolae_overflow_ecumenical_swirl,
          shapermc_ecumenical_altar_mp_ritualfount, gammafunk_ghost_necromancy,
          minmay_stone_trees_small
D:4:      layout_basic, uniq_blork_the_orc
D:5:      layout_basic, jmf_multi_god_temple2, uniq_eustachio

Skill      XL: |  1  2  3  4  5 |
---------------+----------------+-----
Throwing       | 2 |  2.0
Dodging        | 3 |  3.0
Unarmed Combat | 1 2 3 |  3.4
Fighting       | 3 4 |  4.5
Long Blades    | |  2.8

Action                     |  1- 3 |  4- 6 || total
---------------------------+-------+-------++-------
  Melee: Long sword        |   125 |    76 ||   201
         Headbutt          |    10 |    14 ||    24
         Punch             |       |     3 ||     3
         Kick              |       |     9 ||     9
  Throw: Throwing net      |       |     4 ||     4
    Use: Scroll            |     1 |       ||     1
   Stab: Sleeping          |     2 |     1 ||     3
         Held in net/web   |       |     2 ||     2
 Armour: Leather armour    |    73 |    61 ||   134
  Dodge: Dodged            |    76 |    83 ||   159

Table legend: (Time is in decaauts)
 A = Elapsed time spent in this place.
 B = Non-inter-level travel time spent in this place.
 C = Inter-level travel time spent in this place.
 D = Time resting spent in this place.
 E = Time spent auto-exploring this place.
 F = Levels seen in this place.
 G = Mean time per level.
                   A        B        C        D        E       F      G
               +--------+--------+--------+--------+--------+-----+--------+
         Total |   3813 |   3734 |     79 |    642 |   2464 |   5 |  762.6 |
       Dungeon |   3813 |   3734 |     79 |    642 |   2464 |   5 |  762.6 |
               +--------+--------+--------+--------+--------+-----+--------+

Top non-repeatable levels by time:
     D:1: 1200 daAuts
     D:4: 864 daAuts
     D:3: 749 daAuts
     D:2: 741 daAuts
     D:5: 258 daAuts
